[Event "4th Baskent University Open 2019"]
[Site "Ankara"]
[Date "2019.06.19"]
[Round "5"]
[White "Sungu, Yagiz Kaan"]
[Black "Yilmaz, Hasan"]
[Result "1-0"]
[ECO "B38"]
[WhiteElo "1465"]
[BlackElo "1600"]
[Annotator "NA"]
[PlyCount "139"]
[EventDate "2019.06.18"]
[EventType "swiss"]
[EventCountry "TUR"]
[SourceTitle "playchess.com"]
[Source "ChessBase"]
[SourceQuality "1"]
[TimeControl "5400+30"]

1. Nf3 Nf6 2. d4 g6 3. c4 c5 4. Nc3 cxd4 5. Nxd4 Bg7 6. e4 d6 7. Be2 Nc6 8. Be3 O-O 9. f3 a6 10. O-O Bd7 11. Qd2 Nxd4 12. Bxd4 Rb8 13. Nd5 Nxd5 14. cxd5 b5 15. Bxg7 Kxg7 16. Qd4+ Kg8 17. Rfc1 f5 18. Rc2 fxe4 19. fxe4 Rf4 20. Rf1 Rxf1+ 21. Bxf1 a5 22. Qa7 Rc8 23. Rc3 Rxc3 24. bxc3 Qc8 25. Kf2 g5 26. Be2 Qc5+ 27. Qxc5 dxc5 28. Ke3 Kf7 29. e5 Kg7 30. a3 h6 31. Ke4 Be8 32. Kf5 b4 33. axb4 cxb4 34. cxb4 axb4 35. Bd1 Bd7+ 36. e6 Bb5 37. Bb3 Be8 38. Ke5 Kg6 39. Bc2+ Kg7 40. Bb3 Kg6 41. g4 Bb5 42. d6 exd6+ 43. Kxd6 Kf6 44. e7 Be8 45. Be6 Kg7 46. Kc7 Kf6 47. Kd8 Bg6 48. Bf5 Bf7 49. e8=Q Bxe8 50. Kxe8 h5 51. h3 b3 52. Kf8 b2 53. Kg8 Ke5 54. Kg7 Kf4 55. Kg6 h4 56. Bb1 Kg3 57. Kxg5 Kxh3 58. Kf4 Kg2 59. g5 h3 60. g6 Kf2 61. g7 h2 62. g8=Q h1=Q 63. Qg3+ Ke2 64. Qe3+ Kd1 65. Qd3+ Ke1 66. Qc3+ Ke2 67. Bd3+ Kf2 68. Qd2+ Kg1 69. Qe1+ Kh2 70. Qg3# 1-0

[Event "4th Baskent University Open 2019"]
[Site "Ankara"]
[Date "2019.06.20"]
[Round "6"]
[White "Annaberdiev, Meilis"]
[Black "Darban, Morteza"]
[Result "1-0"]
[ECO "B40"]
[WhiteElo "2532"]
[BlackElo "2264"]
[Annotator "ChessBase"]
[PlyCount "125"]
[EventDate "2019.06.18"]
[EventType "swiss"]
[EventCountry "TUR"]
[SourceTitle "playchess.com"]
[Source "ChessBase"]
[SourceQuality "1"]
[TimeControl "5400+30"]

1. e4 c5 2. Nf3 e6 3. g3 Nc6 4. Bg2 Nf6 5. Qe2 d5 6. d3 b6 7. O-O Bb7 8. Re1 Be7 9. c3 h6 10. h3 Qd7 11. a3 O-O-O 12. Nbd2 Ba6 13. e5 Ne8 14. b4 Nc7 15. bxc5 bxc5 16. Rb1 Na8 17. Nb3 c4 18. dxc4 Bxc4 19. Qc2 Nb6 20. Be3 Qc7 21. a4 Kd7 22. Nfd2 Ba6 23. Qd1 Ke8 24. Qg4 Kf8 25. Bxb6 axb6 26. Nd4 Bd3 27. Qf3 Nxd4 28. Qxd3 Nc6 29. Qe3 Bc5 30. Qf4 Na5 31. Nf3 Qe7 32. h4 h5 33. Bf1 Kg8 34. Bd3 Rh6 35. Nd4 Kh8 36. Re3 Rf8 37. Rf3 Kg8 38. Re1 f5 39. Qd2 Rg6 40. Rf4 Rg4 41. Be2 Rxf4 42. Qxf4 Qf7 43. Qg5 g6 44. Bxh5 Kh7 45. Be2 Nc4 46. Bxc4 dxc4 47. Qf4 Qd7 48. Nf3 Qd5 49. Rb1 Ra8 50. Rb2 Rxa4 51. Rd2 Ra1+ 52. Kh2 Qb7 53. h5 gxh5 54. Qg5 Qf7 55. Qd8 Be7 56. Qc7 Kg7 57. Rd7 Kf8 58. Ng5 Qe8 59. Nxe6+ Kf7 60. Ng5+ Kf8 61. Nh7+ Kg8 62. Rxe7 Qa8 63. Nf6+ 1-0

[Event "4th Baskent University Open 2019"]
[Site "Ankara"]
[Date "2019.06.20"]
[Round "6"]
[White "Maghalashvili, Davit"]
[Black "Aydincelebi, Kagan"]
[Result "1-0"]
[ECO "A07"]
[WhiteElo "2500"]
[BlackElo "2258"]
[Annotator "ChessBase"]
[PlyCount "63"]
[EventDate "2019.06.18"]
[EventType "swiss"]
[EventCountry "TUR"]
[SourceTitle "playchess.com"]
[Source "ChessBase"]
[SourceQuality "1"]
[TimeControl "5400+30"]

1. Nf3 d5 2. g3 Nf6 3. Bg2 c6 4. O-O Bg4 5. d3 Nbd7 6. Nbd2 e5 7. h3 Bh5 8. e4 dxe4 9. dxe4 Bc5 10. Qe1 O-O 11. Nc4 Qc7 12. b4 Bxf3 13. Bxf3 Be7 14. a4 b5 15. axb5 cxb5 16. Ne3 Nb6 17. Be2 Nxe4 18. Bf3 Ng5 19. Bg2 Rac8 20. Ra5 e4 21. Nf5 Bf6 22. Bxg5 Bxg5 23. Qxe4 Qxc2 24. Qg4 Bf6 25. Rxa7 Qd2 26. Rb7 Rc4 27. Rd1 Rc1 28. Rxc1 Qxc1+ 29. Kh2 Na4 30. Nd6 Qe1 31. Rxf7 Nb6 32. Rb7 1-0

[Event "4th Baskent University Open 2019"]
[Site "Ankara"]
[Date "2019.06.20"]
[Round "6"]
[White "Pacher, Milan"]
[Black "Akman, Ozgur"]
[Result "1-0"]
[ECO "E11"]
[WhiteElo "2434"]
[BlackElo "1930"]
[Annotator "ChessBase"]
[PlyCount "61"]
[EventDate "2019.06.18"]
[EventType "swiss"]
[EventCountry "TUR"]
[SourceTitle "playchess.com"]
[Source "ChessBase"]
[SourceQuality "1"]
[TimeControl "5400+30"]

1. d4 Nf6 2. c4 e6 3. Nf3 Bb4+ 4. Bd2 Qe7 5. g3 O-O 6. Bg2 Bxd2+ 7. Nbxd2 d6 8. O-O Nc6 9. e4 e5 10. d5 Nb8 11. Ne1 a5 12. Nd3 Na6 13. f4 Nd7 14. Kh1 Nac5 15. Qc2 Nxd3 16. Qxd3 Nc5 17. Qe3 f5 18. exf5 Bxf5 19. Nb3 Nd3 20. Nd4 Nc5 21. fxe5 Bd3 22. Rxf8+ Rxf8 23. Nb3 Bxc4 24. Nxc5 dxc5 25. Rc1 Ba6 26. Rxc5 b6 27. Rc1 Re8 28. d6 cxd6 29. Qxb6 Be2 30. exd6 Qg5 31. Qc5 1-0

[Event "4th Baskent University Open 2019"]
[Site "Ankara"]
[Date "2019.06.20"]
[Round "6"]
[White "Bagaturov, Giorgi"]
[Black "Nagy, Gabor"]
[Result "1/2-1/2"]
[ECO "D27"]
[WhiteElo "2422"]
[BlackElo "2471"]
[Annotator "ChessBase"]
[PlyCount "105"]
[EventDate "2019.06.18"]
[EventType "swiss"]
[EventCountry "TUR"]
[SourceTitle "playchess.com"]
[Source "ChessBase"]
[SourceQuality "1"]
[TimeControl "5400+30"]

1. d4 Nf6 2. Nf3 d5 3. c4 e6 4. Nc3 a6 5. e3 dxc4 6. Bxc4 b5 7. Bd3 Bb7 8. O-O c5 9. dxc5 Bxc5 10. e4 Nbd7 11. Qe2 O-O 12. Bf4 Nh5 13. Bd2 b4 14. Na4 Be7 15. Rac1 Qa5 16. b3 Rad8 17. Be3 Nhf6 18. Nd2 Qe5 19. Nc4 Qb8 20. f3 Nh5 21. Na5 Bd6 22. g3 Ba8 23. f4 Nhf6 24. Nc6 Bxc6 25. Rxc6 e5 26. f5 Rc8 27. Rfc1 Be7 28. Qc2 Rxc6 29. Qxc6 Rd8 30. h3 g6 31. g4 gxf5 32. gxf5 Kh8 33. Bxa6 Rg8+ 34. Kh2 Qd8 35. Be2 Nh5 36. Qc7 Qa8 37. Bf3 Rg3 38. Qxd7 Qg8 39. Rc8 Bf8 40. Bg4 Rxe3 41. Qe8 Nf6 42. Qxf8 Qxf8 43. Rxf8+ Kg7 44. Rb8 h5 45. Bd1 Rd3 46. Bxh5 Nxh5 47. Rxb4 Rd2+ 48. Kg1 Nf4 49. Nc3 Rc2 50. Nd5 Nxh3+ 51. Kf1 Rxa2 52. Rb8 Ng5 53. f6+ 1/2-1/2

[Event "4th Baskent University Open 2019"]
[Site "Ankara"]
[Date "2019.06.20"]
[Round "6"]
[White "Nikcevic, Nebojsa"]
[Black "Mohannad, Farhan"]
[Result "1/2-1/2"]
[ECO "E91"]
[WhiteElo "2420"]
[BlackElo "2193"]
[Annotator "ChessBase"]
[PlyCount "87"]
[EventDate "2019.06.18"]
[EventType "swiss"]
[EventCountry "TUR"]
[SourceTitle "playchess.com"]
[Source "ChessBase"]
[SourceQuality "1"]
[TimeControl "5400+30"]

1. Nf3 Nf6 2. c4 g6 3. Nc3 Bg7 4. e4 d6 5. d4 O-O 6. Be2 c5 7. O-O Nc6 8. d5 Na5 9. Bd2 e5 10. Ne1 Ne8 11. Rc1 Bd7 12. b3 a6 13. Nc2 Rb8 14. Qe1 b6 15. Rb1 f5 16. exf5 Bxf5 17. Rc1 Nf6 18. Ne3 Bd7 19. Bd3 Nb7 20. Qe2 Nh5 21. g3 Nf4 22. gxf4 exf4 23. Ne4 fxe3 24. Qxe3 Qh4 25. Qg3 Qh5 26. f4 Rbe8 27. Ng5 Nd8 28. Rce1 Rxe1 29. Rxe1 Re8 30. Be4 Qg4 31. Kg2 Qxg3+ 32. hxg3 Bf6 33. Bd3 Rxe1 34. Bxe1 Bd4 35. Ne4 Nf7 36. b4 Bf5 37. Kf3 h5 38. bxc5 bxc5 39. Ba5 Kf8 40. Bc2 Bg4+ 41. Kg2 Bf5 42. Kf3 Bg4+ 43. Kg2 Bf5 44. Kf3 1/2-1/2

[Event "4th Baskent University Open 2019"]
[Site "Ankara"]
[Date "2019.06.20"]
[Round "6"]
[White "Odeev, Handszar"]
[Black "Bernadskiy, Vitaliy"]
[Result "1/2-1/2"]
[ECO "A13"]
[WhiteElo "2386"]
[BlackElo "2578"]
[Annotator "ChessBase"]
[PlyCount "126"]
[EventDate "2019.06.18"]
[EventType "swiss"]
[EventCountry "TUR"]
[SourceTitle "playchess.com"]
[Source "ChessBase"]
[SourceQuality "1"]
[TimeControl "5400+30"]

1. c4 e6 2. g3 d5 3. Bg2 g6 4. Nf3 Bg7 5. O-O Ne7 6. d4 O-O 7. Qc2 Nbc6 8. Rd1 b6 9. Bf4 Bb7 10. cxd5 Nb4 11. Qc1 Nbxd5 12. Bh6 Nf6 13. Nc3 Rc8 14. Bxg7 Kxg7 15. Ne5 Bxg2 16. Kxg2 Qd6 17. e4 c5 18. Qe3 Rfd8 19. Nf3 cxd4 20. Rxd4 Qb8 21. Rad1 Nc6 22. Rxd8 Rxd8 23. Rxd8 Qxd8 24. Qd2 Qe7 25. Nd4 Qd7 26. Nb3 Ne5 27. Qxd7 Nfxd7 28. Nd4 g5 29. f3 Kf6 30. Kf1 a6 31. Ke2 Ke7 32. Nd1 Kd6 33. Kd2 b5 34. Kc3 Nb6 35. b3 Kc5 36. a3 Nbd7 37. Nf2 a5 38. b4+ Kb6 39. f4 gxf4 40. gxf4 Ng6 41. f5 exf5 42. exf5 Ne7 43. Ne4 Nd5+ 44. Kb3 a4+ 45. Kb2 Ne5 46. Nd6 Nc4+ 47. Nxc4+ bxc4 48. Kc2 Kc7 49. Nb5+ Kc6 50. Nc3 Nb6 51. Ne4 Kd5 52. Ng5 f6 53. Nxh7 Ke5 54. h4 Kxf5 55. h5 Nd5 56. b5 Ke5 57. h6 Ne3+ 58. Kc3 Ng4 59. Kxc4 Nxh6 60. b6 Nf7 61. Kb4 Kd6 62. Kxa4 Kc6 63. Ka5 Ne5 1/2-1/2

[Event "4th Baskent University Open 2019"]
[Site "Ankara"]
[Date "2019.06.20"]
[Round "6"]
[White "Saraci, Nderim"]
[Black "Yilmaz, Goktan"]
[Result "1/2-1/2"]
[ECO "D34"]
[WhiteElo "2377"]
[BlackElo "2155"]
[Annotator "ChessBase"]
[PlyCount "68"]
[EventDate "2019.06.18"]
[EventType "swiss"]
[EventCountry "TUR"]
[SourceTitle "playchess.com"]
[Source "ChessBase"]
[SourceQuality "1"]
[TimeControl "5400+30"]

1. Nf3 Nf6 2. c4 e6 3. g3 d5 4. Bg2 c5 5. cxd5 exd5 6. d4 Nc6 7. O-O Be7 8. Nc3 O-O 9. Bf4 Bg4 10. dxc5 Bxc5 11. Ne5 Be6 12. Rc1 Bd6 13. Nd3 h6 14. Nb5 Bxf4 15. Nxf4 Qb6 16. Nxe6 fxe6 17. Nc3 Qxb2 18. Bh3 Rfe8 19. Na4 Qe5 20. e3 Na5 21. Nc5 Nc4 22. Qd4 Qxd4 23. exd4 e5 24. dxe5 Rxe5 25. Nxb7 Re2 26. Rfd1 Rae8 27. Bf1 Rb2 28. Nc5 Ne5 29. Bg2 Rxa2 30. Rxd5 Neg4 31. Rf5 Ree2 32. Bf1 Rac2 33. Rxc2 Rxc2 34. Nd3 Nd7 1/2-1/2

[Event "4th Baskent University Open 2019"]
[Site "Ankara"]
[Date "2019.06.20"]
[Round "6"]
[White "Arat, Ufuk Sezen"]
[Black "Guven, Oguz Kagan"]
[Result "1-0"]
[ECO "E04"]
[WhiteElo "2368"]
[BlackElo "2095"]
[Annotator "ChessBase"]
[PlyCount "87"]
[EventDate "2019.06.18"]
[EventType "swiss"]
[EventCountry "TUR"]
[SourceTitle "playchess.com"]
[Source "ChessBase"]
[SourceQuality "1"]
[TimeControl "5400+30"]

1. d4 Nf6 2. c4 e6 3. Nc3 d5 4. Nf3 a6 5. g3 dxc4 6. a4 Nc6 7. Bg2 Rb8 8. O-O Bb4 9. Bg5 h6 10. Bxf6 Qxf6 11. e3 O-O 12. Nd2 Na5 13. Nde4 Qe7 14. Qh5 b6 15. g4 Bb7 16. f4 f5 17. Nd2 Bxg2 18. Kxg2 fxg4 19. Qxg4 Qf6 20. Nde4 Qf5 21. Qf3 Bxc3 22. Nxc3 Rbd8 23. Rad1 c5 24. d5 e5 25. e4 Qxf4 26. Qxf4 exf4 27. e5 g5 28. Rfe1 Rfe8 29. Ne4 Kg7 30. Nd6 Rf8 31. Re4 Kg6 32. Kf3 h5 33. h3 Rd7 34. Nxc4 Nxc4 35. Rxc4 Kf5 36. e6 Rd6 37. a5 g4+ 38. Kg2 Ke5 39. Re1+ Kxd5 40. Rxf4 gxh3+ 41. Kxh3 Re8 42. e7 Re6 43. axb6 Kd6 44. Rf2 1-0

[Event "4th Baskent University Open 2019"]
[Site "Ankara"]
[Date "2019.06.20"]
[Round "6"]
[White "Olcum, Ahmet"]
[Black "Ozdemir, Serhan Berat"]
[Result "1-0"]
[ECO "C00"]
[WhiteElo "2315"]
[BlackElo "1950"]
[Annotator "ChessBase"]
[PlyCount "115"]
[EventDate "2019.06.18"]
[EventType "swiss"]
[EventCountry "TUR"]
[SourceTitle "playchess.com"]
[Source "ChessBase"]
[SourceQuality "1"]
[TimeControl "5400+30"]

1. e4 c5 2. d3 e6 3. g3 d5 4. Nd2 Nc6 5. Bg2 Be7 6. Ngf3 Nf6 7. O-O O-O 8. Re1 Qc7 9. e5 Nd7 10. Qe2 b6 11. Nf1 a5 12. h4 Ba6 13. c3 d4 14. c4 b5 15. b3 a4 16. Bf4 bxc4 17. bxc4 Rab8 18. a3 Rb3 19. h5 Rfb8 20. N1d2 Rb2 21. Qd1 Qa5 22. Ne4 Bb7 23. g4 Nd8 24. g5 Bxe4 25. Rxe4 Nf8 26. Bd2 Qa6 27. Re1 R2b3 28. Bf1 Rb2 29. Bc1 R2b6 30. Nh2 Rb1 31. Rxb1 Rxb1 32. f4 Qa5 33. Bd2 Rxd1 34. Bxa5 Rxe1 35. Bxe1 Nd7 36. Ng4 Nc6 37. Bg2 Nb4 38. Nf2 Nb6 39. Bd2 Nc2 40. Bc1 f6 41. g6 hxg6 42. hxg6 fxe5 43. fxe5 Nd7 44. Ng4 Bh4 45. Bc6 Nb6 46. Kf1 Na1 47. Ke2 Nb3 48. Bf4 Kf8 49. Nh2 Na1 50. Nf3 Be7 51. Kd1 Nb3 52. Bb5 Bd8 53. Kc2 Na5 54. Bd2 Nc8 55. Bxa4 Ne7 56. Ng5 Nb7 57. Nxe6+ Kg8 58. Bg5 1-0

[Event "4th Baskent University Open 2019"]
[Site "Ankara"]
[Date "2019.06.20"]
[Round "6"]
[White "Gunduz, Umut Erdem"]
[Black "Gokcek, Kursat Bugra"]
[Result "1-0"]
[ECO "B15"]
[WhiteElo "2302"]
[BlackElo "2127"]
[Annotator "NA"]
[PlyCount "57"]
[EventDate "2019.06.18"]
[EventType "swiss"]
[EventCountry "TUR"]
[SourceTitle "playchess.com"]
[Source "ChessBase"]
[SourceQuality "1"]
[TimeControl "5400+30"]

1. e4 c6 2. d4 d5 3. Nd2 dxe4 4. Nxe4 Nf6 5. Nxf6+ exf6 6. c3 Bd6 7. Bd3 O-O 8. Qc2 Re8+ 9. Ne2 h5 10. O-O Qc7 11. h3 Nd7 12. Ng3 Bxg3 13. fxg3 Nf8 14. Bf4 Qd8 15. Rae1 Rxe1 16. Rxe1 Be6 17. Qe2 Qd5 18. Be4 Qxa2 19. Bd6 Rd8 20. Ba3 Re8 21. Qxh5 g6 22. Qh6 f5 23. Bf3 Nd7 24. g4 fxg4 25. hxg4 Qb3 26. Kf2 Qc2+ 27. Kg3 Nf6 28. Rh1 Nh5+ 29. gxh5 1-0

[Event "4th Baskent University Open 2019"]
[Site "Ankara"]
[Date "2019.06.20"]
[Round "6"]
[White "Guseynov, Alihan"]
[Black "Mammadov, Zaur"]
[Result "1/2-1/2"]
[ECO "D30"]
[WhiteElo "2274"]
[BlackElo "2428"]
[Annotator "ChessBase"]
[PlyCount "75"]
[EventDate "2019.06.18"]
[EventType "swiss"]
[EventCountry "TUR"]
[SourceTitle "playchess.com"]
[Source "ChessBase"]
[SourceQuality "1"]
[TimeControl "5400+30"]

1. c4 e6 2. Nf3 Nf6 3. g3 d5 4. Bg2 c5 5. cxd5 exd5 6. d4 Nc6 7. O-O Be6 8. b3 Be7 9. dxc5 Bxc5 10. Bb2 O-O 11. Nc3 Re8 12. Rc1 Qe7 13. Nb5 Ne4 14. Nfd4 Bb6 15. Nxc6 bxc6 16. Rxc6 Nxf2 17. Rxf2 Bxf2+ 18. Kxf2 Bd7 19. Qd4 Qxe2+ 20. Kg1 Qe3+ 21. Qxe3 Rxe3 22. Rc5 Re2 23. Bc3 Rc8 24. Rxc8+ Bxc8 25. Nxa7 Bd7 26. Bf1 Rc2 27. Bd4 Rd2 28. Bc3 Rc2 29. Bd4 Rd2 30. Be3 Rxa2 31. b4 Ra1 32. Kf2 Ra2+ 33. Kf3 Ra3 34. Kf2 Ra2+ 35. Kg1 Ra1 36. Kf2 Ra2+ 37. Kg1 Ra1 38. Kf2 1/2-1/2

[Event "4th Baskent University Open 2019"]
[Site "Ankara"]
[Date "2019.06.20"]
[Round "6"]
[White "Ozenir, Ekin Baris"]
[Black "Iskandarov, Misratdin"]
[Result "0-1"]
[ECO "A05"]
[WhiteElo "2250"]
[BlackElo "2502"]
[Annotator "ChessBase"]
[PlyCount "82"]
[EventDate "2019.06.18"]
[EventType "swiss"]
[EventCountry "TUR"]
[SourceTitle "playchess.com"]
[Source "ChessBase"]
[SourceQuality "1"]
[TimeControl "5400+30"]

1. Nf3 c5 2. e3 Nf6 3. b3 g6 4. Bb2 Bg7 5. g3 O-O 6. Bg2 d5 7. O-O Bg4 8. h3 Bf5 9. d4 Ne4 10. Ne5 Nc6 11. Nxc6 bxc6 12. Nd2 Nd6 13. c3 Qa5 14. Qc1 Rac8 15. Ba3 cxd4 16. cxd4 Rfe8 17. Rd1 Nb5 18. Bc5 e5 19. g4 Bd7 20. Nf3 e4 21. Qd2 Qd8 22. Nh2 Qc7 23. Nf1 f5 24. gxf5 Bxf5 25. Ng3 Be6 26. Rac1 Nd6 27. Qb4 Nf7 28. Qa4 Qd7 29. Qxa7 Rc7 30. Qb6 Bxh3 31. Qxc7 Qxc7 32. Bxh3 Ng5 33. Bg2 Qd7 34. Kf1 h5 35. Ke1 h4 36. Nf1 Qg4 37. Bh1 Qg1 38. Kd2 Qxh1 39. Kc3 Qf3 40. Rd2 Ne6 41. Bd6 c5 0-1

[Event "4th Baskent University Open 2019"]
[Site "Ankara"]
[Date "2019.06.20"]
[Round "6"]
[White "Kizilkus, Akin"]
[Black "Guliev, Logman"]
[Result "1-0"]
[ECO "E46"]
[WhiteElo "2131"]
[BlackElo "2320"]
[Annotator "ChessBase"]
[PlyCount "59"]
[EventDate "2019.06.18"]
[EventType "swiss"]
[EventCountry "TUR"]
[SourceTitle "playchess.com"]
[Source "ChessBase"]
[SourceQuality "1"]
[TimeControl "5400+30"]

1. d4 Nf6 2. c4 e6 3. Nc3 Bb4 4. e3 O-O 5. Nge2 c5 6. a3 cxd4 7. axb4 dxc3 8. Nxc3 Nc6 9. b5 Ne7 10. Be2 Qc7 11. O-O b6 12. e4 h6 13. f4 Bb7 14. Bd3 Qc5+ 15. Kh1 d5 16. cxd5 exd5 17. e5 Ne4 18. Bxe4 dxe4 19. Qe2 Rfc8 20. Be3 Qc4 21. Qg4 Ng6 22. Qg3 Qc7 23. Rac1 Kh7 24. f5 Nxe5 25. f6 Ng6 26. Qh3 Qd8 27. fxg7 Kg8 28. Rcd1 Qh4 29. Qd7 Ne5 30. Qxb7 1-0

[Event "4th Baskent University Open 2019"]
[Site "Ankara"]
[Date "2019.06.20"]
[Round "6"]
[White "Rzayev, Askar Aliakbar"]
[Black "Simantsev, Mikhail"]
[Result "1-0"]
[ECO "E12"]
[WhiteElo "2089"]
[BlackElo "2371"]
[Annotator "ChessBase"]
[PlyCount "71"]
[EventDate "2019.06.18"]
[EventType "swiss"]
[EventCountry "TUR"]
[SourceTitle "playchess.com"]
[Source "ChessBase"]
[SourceQuality "1"]
[TimeControl "5400+30"]

1. d4 Nf6 2. c4 e6 3. Nf3 b6 4. a3 Bb7 5. Nc3 d5 6. Bg5 Be7 7. Qa4+ Bc6 8. Qb3 dxc4 9. Qxc4 O-O 10. e3 Bb7 11. Be2 Nbd7 12. Rd1 a6 13. a4 Rc8 14. b4 h6 15. Bh4 c5 16. dxc5 bxc5 17. b5 Qa5 18. Rxd7 Nxd7 19. Bxe7 Rfe8 20. Bh4 Nb6 21. Qb3 Bd5 22. Qa3 g5 23. Bg3 Nxa4 24. O-O Qxc3 25. Qxa4 Qb2 26. Re1 axb5 27. Qxb5 Qxb5 28. Bxb5 Re7 29. h4 Bxf3 30. gxf3 c4 31. Rc1 c3 32. hxg5 Ra7 33. Bd3 hxg5 34. Be5 Ra2 35. Bf6 c2 36. Kg2 1-0

[Event "4th Baskent University Open 2019"]
[Site "Ankara"]
[Date "2019.06.20"]
[Round "6"]
[White "Erdogan, Anil Berk"]
[Black "Can, Isik"]
[Result "0-1"]
[ECO "B03"]
[WhiteElo "2087"]
[BlackElo "2379"]
[Annotator "ChessBase"]
[PlyCount "86"]
[EventDate "2019.06.18"]
[EventType "swiss"]
[EventCountry "TUR"]
[SourceTitle "playchess.com"]
[Source "ChessBase"]
[SourceQuality "1"]
[TimeControl "5400+30"]

1. e4 Nf6 2. e5 Nd5 3. d4 d6 4. c4 Nb6 5. exd6 cxd6 6. Be3 g6 7. Nc3 Bg7 8. Rc1 O-O 9. b3 Bf5 10. Bd3 Bxd3 11. Qxd3 Nc6 12. Nf3 d5 13. c5 Nc8 14. O-O e6 15. a3 N8e7 16. Rfd1 h6 17. b4 g5 18. b5 Na5 19. Nd2 Nf5 20. Ne2 b6 21. Ng3 bxc5 22. Rxc5 Nd6 23. Nh5 Bh8 24. f4 f5 25. g4 Ne4 26. Nxe4 fxe4 27. Qc3 Nc4 28. Kh1 Nxe3 29. Qxe3 gxf4 30. Nxf4 Qg5 31. Ng2 Rf3 32. Qc1 Raf8 33. Rc8 Qxc1 34. Rxf8+ Rxf8 35. Rxc1 Bxd4 36. h4 e3 37. Re1 Rf3 38. Kh2 Be5+ 39. Kg1 d4 40. a4 d3 41. Nxe3 Bd4 42. Kg2 Rxe3 43. Rd1 e5 0-1

[Event "4th Baskent University Open 2019"]
[Site "Ankara"]
[Date "2019.06.20"]
[Round "6"]
[White "Gulsoy, Mustafa Alpago"]
[Black "Koksal, Ege"]
[Result "0-1"]
[ECO "C44"]
[WhiteElo "2055"]
[BlackElo "2363"]
[Annotator "ChessBase"]
[PlyCount "114"]
[EventDate "2019.06.18"]
[EventType "swiss"]
[EventCountry "TUR"]
[SourceTitle "playchess.com"]
[Source "ChessBase"]
[SourceQuality "1"]
[TimeControl "5400+30"]

1. e4 e5 2. Nf3 Nc6 3. d4 exd4 4. Bc4 Bc5 5. Ng5 Nh6 6. Nxf7 Nxf7 7. Bxf7+ Kxf7 8. Qh5+ Kf8 9. Qxc5+ Qe7 10. Qf5+ Qf7 11. Qf4 d6 12. O-O Be6 13. Rd1 h6 14. a3 d5 15. Qxf7+ Kxf7 16. exd5 Bxd5 17. Bf4 Rac8 18. Nd2 Rhe8 19. Re1 Re7 20. f3 Rd7 21. b4 Ne7 22. Nb3 Bxb3 23. cxb3 b6 24. Rac1 c5 25. Rc4 Ng6 26. Bg3 Rd5 27. Rec1 Ke6 28. bxc5 Rdxc5 29. Bf2 Rxc4 30. bxc4 d3 31. Re1+ Kf7 32. Bg3 Rxc4 33. Rd1 Rc3 34. a4 Ne7 35. Be5 Ra3 36. a5 Rxa5 37. f4 Nc6 38. Rxd3 Nxe5 39. fxe5 Rxe5 40. h4 a5 41. Rd7+ Kg8 42. Ra7 Re4 43. Ra6 Rb4 44. Kf2 a4 45. Kf3 b5 46. Ra5 Kf7 47. g4 Kf6 48. Ra7 Ke5 49. Rxg7 a3 50. Re7+ Kd4 51. Re4+ Kc3 52. Re3+ Kb2 53. Re2+ Kb3 54. Re3+ Ka4 55. g5 hxg5 56. hxg5 a2 57. Re8 Ka3 0-1

[Event "4th Baskent University Open 2019"]
[Site "Ankara"]
[Date "2019.06.20"]
[Round "6"]
[White "Ozbag, Berat"]
[Black "Duru, Ipek"]
[Result "0-1"]
[ECO "E14"]
[WhiteElo "1666"]
[BlackElo "1551"]
[Annotator "NA RC"]
[PlyCount "210"]
[EventDate "2019.06.18"]
[EventType "swiss"]
[EventCountry "TUR"]
[SourceTitle "playchess.com"]
[Source "ChessBase"]
[SourceQuality "1"]
[TimeControl "5400+30"]

1. d4 d5 2. c4 e6 3. Nf3 Nf6 4. e3 b6 5. Nbd2 Bb7 6. Bd3 c5 7. O-O Nc6 8. b3 dxc4 9. Nxc4 cxd4 10. Bb2 dxe3 11. Nxe3 Be7 12. Qe2 O-O 13. Rfd1 Qb8 14. Rac1 Rd8 15. Ng5 h6 16. Ne4 Nxe4 17. Bxe4 Rxd1+ 18. Qxd1 Bc5 19. Ng4 Qd8 20. Qf3 Rc8 21. Qg3 Qd2 22. Rb1 Bd4 23. Ba3 b5 24. h4 b4 25. Nxh6+ Qxh6 26. Bc1 Qf6 27. Bg5 Qe5 28. Qf3 f5 29. Bd3 Nd8 30. Qf4 Qxf4 31. Bxf4 Be4 32. Bxe4 fxe4 33. Re1 e5 34. Rxe4 Bxf2+ 35. Kxf2 exf4 36. Rxb4 Ne6 37. Ra4 Rc7 38. g3 Rc2+ 39. Kf3 Rc3+ 40. Kg4 fxg3 41. Kf5 Re3 42. Rg4 Kf7 43. h5 Rf3+ 44. Ke5 a5 45. b4 Rc3 46. bxa5 Rc5+ 47. Kd6 Rg5 48. Rxg5 Nxg5 49. a6 g2 50. a7 g1=Q 51. a8=Q Qg3+ 52. Kc5 Ne6+ 53. Kc4 Qg4+ 54. Kc3 Qd4+ 55. Kc2 Qc5+ 56. Kd2 Qf2+ 57. Kc3 Qe3+ 58. Kb4 Qd4+ 59. Kb3 Nc5+ 60. Kc2 Qd3+ 61. Kc1 Qc3+ 62. Kd1 Qa1+ 63. Kc2 Qe5 64. Qa7+ Kg8 65. Qa8+ Kh7 66. Qf3 Kh6 67. Qf8 Kxh5 68. Qf3+ Kg6 69. Qg2+ Kf6 70. Qc6+ Ke7 71. Qc8 g5 72. Qg8 Qe4+ 73. Kd2 Ne6 74. a4 Qxa4 75. Ke2 Qc4+ 76. Kf2 Qd4+ 77. Kg3 Qe5+ 78. Kf2 Qf5+ 79. Kg3 Qf4+ 80. Kg2 g4 81. Qh7+ Kd6 82. Qd3+ Nd4 83. Qa6+ Ke5 84. Qa5+ Kf6 85. Qd8+ Ke6 86. Qc8+ Ke5 87. Qb8+ Ke4 88. Qb1+ Ke3 89. Qc1+ Ke4 90. Qb1+ Kd5 91. Qa2+ Kc5 92. Qa3+ Kb5 93. Qd3+ Kb4 94. Qb1+ Nb3 95. Qe1+ Ka3 96. Qe7+ Ka2 97. Qa7+ Kb1 98. Qg1+ Nc1 99. Qb6+ Kc2 100. Qc6+ Kd2 101. Qd5+ Nd3 102. Qa2+ Ke3 103. Qa7+ Qd4 104. Qc7 Qe4+ 105. Kg1 Kf3 0-1

[Event "4th Baskent University Open 2019"]
[Site "Ankara"]
[Date "2019.06.20"]
[Round "6"]
[White "Yanikoglu, Omer"]
[Black "Sahin, Arda"]
[Result "0-1"]
[ECO "D05"]
[WhiteElo "1665"]
[BlackElo "1710"]
[Annotator "NA"]
[PlyCount "88"]
[EventDate "2019.06.18"]
[EventType "swiss"]
[EventCountry "TUR"]
[SourceTitle "playchess.com"]
[Source "ChessBase"]
[SourceQuality "1"]
[TimeControl "5400+30"]

1. Nf3 d5 2. d4 e6 3. b3 Nf6 4. Nbd2 c5 5. e3 Nc6 6. Bb2 Bd6 7. a3 O-O 8. Bd3 b6 9. O-O Bb7 10. h3 Rc8 11. c4 Qe7 12. Ne5 Rfd8 13. Qe2 cxd4 14. Nxc6 Bxc6 15. exd4 dxc4 16. Bxc4 Nd5 17. Qg4 f5 18. Qh5 Nf4 19. Qxf5 b5 20. Bxe6+ Qxe6 21. Qxe6+ Nxe6 22. b4 Bd5 23. Rac1 Nf4 24. Rxc8 Rxc8 25. Rd1 Rc2 26. Ba1 Nxg2 27. Nf1 Nf4 28. Ne3 Nxh3+ 29. Kf1 Rxf2+ 30. Ke1 Be4 31. d5 Bg3 32. Nf1 Bh4 33. Be5 Ng5 34. Ng3 Rg2 35. Kf1 Bxg3 36. Bxg3 Rxg3 37. d6 Rd3 38. Rc1 Rxd6 39. Rc8+ Kf7 40. Rc7+ Kf6 41. Rxa7 h5 42. a4 bxa4 43. Rxa4 h4 44. Ra2 h3 0-1